 Dungeon Crawl Stone Soup version 0.31-a0-277-g31ea1f65cc (webtiles) character file.

Game seed: 17792179303991501482

2 drugrobin the Sneak (level 1, -1/18 HPs)
             Began as a Demigod Delver on July 15, 2023.
             Killed by divine providence
             ... invoked by an orc priest
              (8 damage)
             ... on level 4 of the Dungeon.
             The game lasted 00:02:49 (309 turns).

drugrobin the Sneak (Demigod Delver)                 Turns: 309, Time: 00:02:50

Health: -1/18      AC:  3    Str: 13    XL:     1   Next: 20%
Magic:  3/3        EV: 11    Int: 12    God:
Gold:   8          SH:  0    Dex: 15    Spells: 0/0 levels left

rFire   . . .        b - +0 sling
rCold   . . .        (no shield)
rNeg    . . .        a - +0 leather armour
rPois   .            (no helmet)
rElec   .            (no cloak)
rCorr   .            (no gloves)
SInv    .            (no boots)
Will    .....        (no amulet)
Stlth   +++          (no ring)
HPRegen 0.23/turn    (no ring)
MPRegen 0.08/turn

%: no passive effects
@: hasted, very quick
A: high MP 1, forlorn, divine attributes
a: no special abilities


You were on level 4 of the Dungeon.
You visited 1 branch of the dungeon, and saw 2 of its levels.

You collected 8 gold pieces.

Inventory:

Hand Weapons
 b - a +0 sling (weapon)
Armour
 a - a +0 leather armour (worn)
 i - a +0 chain mail
 k - an orb of guile
Wands
 f - a wand of digging (3)
Scrolls
 g - a scroll of torment {unknown}
 l - a scroll of fog
 m - 2 scrolls of identify {unknown}
Potions
 h - a potion of resistance {unknown}
 j - a potion of curing {unknown}


   Skills:
 - Level 2.6 Fighting
 - Level 1.7 Dodging
 - Level 4.5 Stealth
 + Level 2.0 Unarmed Combat


You couldn't memorise any spells.
You didn't know any spells.
Your spell library was empty.

Dungeon Overview and Level Annotations

Branches:
Dungeon (5/15)
 Temple: D:4-7

Shops:
D:5 (

Annotations:
D:5 exclusions: ogre and phantom, Blork the orc


Innate Abilities, Weirdness & Mutations

You have an increased reservoir of magic. (+10% MP)
You shall have no god before yourself.
Your divine heritage dramatically boosts your attributes as you level up.


Message History

There is a stone staircase leading up here.
m - 2 scrolls labelled OMPUPU RAUMAMO (gained 1)
You open the door.
Unknown command.
Unknown command.
There is an open door here.
There is a stone staircase leading down here.
There is a stone staircase leading up here.
You climb upwards.
The orc shouts!
The orc priest shouts!
The orc wizard shouts!
The orc shouts! x2
There is a stone staircase leading down here.
Unknown command.
Unknown command.
Unknown command.
As you read the scroll of revelation, it crumbles to dust.
You feel aware of your surroundings.
You sensed 1 altar, and 1 shop/portal.
The orc hits you with a +0 hand axe!
Unknown command.
Unknown command.
Unknown command.
Unknown command.
As you read the scroll of fear, it crumbles to dust.
You assume a fearsome visage.
The orc wizard looks frightened!
The orc looks frightened! x3
The orc priest resists with some effort.
The phantom is unaffected.
Unknown command.
Unknown command.
The orc wizard mumbles some strange words.
The orc wizard flickers and vanishes!
Deactivating autopickup; reactivate with Ctrl-A.
Unknown command.
Unknown command.
You feel yourself speed up.
The orc priest calls down the wrath of Beogh upon you.
You barely resist. The phantom hits you.
The orc priest calls down the wrath of Beogh upon you.
Beogh smites you!
You die...

,,,*,,,,,+,,,,,*,,,*
,,,*,,,,,*,,,,,+,,,*
,,,*,,,,,#...,,*,,,*
,,,*,,,,,#....,*,,,*
,,,*,,,,,#.....*,,,*
,,,*,,,..#.....+...###
,,,*,,,..#.....#...###
,,,+,,,..#.....##+####
,,,****+##......@...##
,,,,,,,.........W...##
,,,,,,,.......o.....##
,,,,,,,.............##
,,,,,,,.......>.....##
,,,,,,,.............##
,,,,,,,............o##
,,,****+##.....#######
,,,*,,,..+.....#######


You could see a phantom, an orc priest and an orc (fleeing).

Vanquished Creatures
  An orc (D:5)
1 creature vanquished.

Notes
Turn   | Place    | Note
-------+----------+-------------------------------------------
     0 | D:5      | drugrobin the Demigod Delver began the quest for the Orb.
     0 | D:5      | Reached XP level 1. HP: 18/18 MP: 3/3
    10 | D:5      | Noticed an ogre
   141 | D:5      | Found Usecuqile's Weapon Shop.
   166 | D:5      | Noticed a phantom
   241 | D:5      | Noticed Blork the orc
   302 | D:4      | Noticed an orc wizard
   302 | D:4      | Noticed an orc priest
   302 | D:4      | Noticed a phantom
   309 | D:4      | Killed from afar by an orc priest

Illustrated notes

Levels and vault maps discovered:
D:4:      layout_gridville, nicolae_hepliaklqana_hazy_memory, glass_columns_a,
          abandoned_shop, uniq_pikel, uniq_sigmund
D:5:      layout_basic, mainiacjoe_overflow_six_doors_small,
          nicolae_overflow_quartered_altars, minmay_temple_entry_ruins,
          serial_shops, shop, uniq_blork_the_orc

Skill      XL: |  1 |
---------------+----+-----
Unarmed Combat | 2 |  2.0
Fighting       | |  2.6
Dodging        | |  1.7
Stealth        | |  4.5

Action                     || total
---------------------------++-------
  Melee: Unarmed           ||    21
         Punch             ||     1
    Use: Scroll            ||     2
         Potion            ||     1
   Stab: Sleeping          ||     1
 Armour: Leather armour    ||     2
  Dodge: Dodged            ||    10

Table legend: (Time is in decaauts)
 A = Elapsed time spent in this place.
 B = Non-inter-level travel time spent in this place.
 C = Inter-level travel time spent in this place.
 D = Time resting spent in this place.
 E = Time spent auto-exploring this place.
 F = Levels seen in this place.
 G = Mean time per level.
                   A        B        C        D        E       F      G
               +--------+--------+--------+--------+--------+-----+--------+
         Total |    307 |    282 |     25 |     46 |     58 |   2 |  153.5 |
       Dungeon |    307 |    282 |     25 |     46 |     58 |   2 |  153.5 |
               +--------+--------+--------+--------+--------+-----+--------+

Top non-repeatable levels by time:
     D:5: 301 daAuts
     D:4: 6 daAuts
